 Dungeon Crawl Stone Soup version 0.23.1 (webtiles) character file.

Game seed: 0

151456 LabCoat the Severer (level 17, -12/154 HPs)
             Began as a Hill Orc Fighter on Mar 4, 2019.
             Was a High Priest of Trog.
             Succumbed to something's poison gas
             ... on level 4 of the Swamp.
             The game lasted 03:40:30 (35737 turns).

LabCoat the Severer (Hill Orc Fighter)             Turns: 35737, Time: 03:40:31

Health: -12/154    AC: 29    Str: 26    XL:     17   Next: 56%
Magic:  9/23       EV:  7    Int:  8    God:    Trog [*****.]
Gold:   876        SH: 14    Dex: 13    Spells: 16/16 levels left

rFire    + . .     SeeInvis .   p - +3 morningstar (protect)
rCold    . . .     Gourm    .   c - +0 shield
rNeg     . . .     Faith    .   r - +6 plate armour {rF+}
rPois    .         Spirit   +   V - +0 helmet
rElec    .         Reflect  .   D - scarf {Spirit}
rCorr    .         Harm     .   P - +0 pair of gloves
MR       +++..                  t - +2 pair of boots
Stlth    ..........             x - amulet of guardian spirit
HPRegen  1.35/turn              H - +3 ring of strength
MPRegen  0.18/turn              I - ring of flight

@: lethally poisoned (-12 -> -151), berserk cooldown, flying (expiring), very
slightly contaminated, regenerating, slowed, very slow
A: no striking features
a: Berserk, Trog's Hand, Brothers in Arms, Renounce Religion, Stop Flying


You were on level 4 of the Swamp.
You worshipped Trog.
Trog was extremely pleased with you.
You were not hungry.

You visited 5 branches of the dungeon, and saw 28 of its levels.
You also visited: Sewer.

You collected 2633 gold pieces.
You spent 1757 gold pieces at shops.

Inventory:

Hand Weapons
 d - the +6 war axe of the Dragonfly {venom, Str-4 Dex+4}
   (Trog gifted it to you on level 4 of the Lair of Beasts)

   It poisons the flesh of those it strikes.
   It affects your strength (-4).
   It affects your dexterity (+4).
 p - a +3 morningstar of protection (weapon)
 v - a +4 antimagic flail
 T - a +1 triple crossbow of freezing
Missiles
 a - 98 bolts
 q - 3 poisoned tomahawks (quivered)
 O - 5 javelins of penetration
Armour
 c - a +0 shield (worn)
 h - a +2 plate armour of cold resistance
 r - a +6 plate armour of fire resistance (worn)
 t - a +2 pair of boots (worn)
 D - a scarf of spirit shield (worn)
 P - a +0 pair of gloves (worn)
 Q - a +0 large shield
 V - a +0 helmet (worn)
Jewellery
 b - an uncursed ring of protection from magic
 l - an uncursed amulet of rage
 x - an amulet of guardian spirit (around neck)
 y - an uncursed ring of magical power
 E - an uncursed amulet of faith
 H - a +3 ring of strength (left hand)
 I - a ring of flight (right hand)
 R - an uncursed ring of see invisible
 X - an uncursed amulet of regeneration
Wands
 o - a wand of paralysis (25)
 z - a wand of digging (18)
 C - a wand of disintegration (25)
 F - a wand of clouds (6)
 J - a wand of polymorph (44)
 N - a wand of flame (39)
 W - a wand of acid (25)
 Y - a wand of random effects (22)
Scrolls
 g - a scroll of summoning
 u - a scroll of silence
 B - 7 scrolls of remove curse
 G - 3 scrolls of fear
 L - 4 scrolls of fog
 M - 5 scrolls of teleportation
Potions
 e - 2 potions of invisibility
 i - a potion of might
 k - 2 potions of agility
 m - 3 potions of flight
 n - a potion of haste
 A - 6 potions of brilliance
 S - a potion of cancellation
 Z - a potion of curing
Miscellaneous
 K - a phial of floods
Comestibles
 f - 11 rations


   Skills:
 + Level 14.5 Fighting
 + Level 18.1(20.3) Axes
 + Level 14.5(17.1) Maces & Flails
 * Level 3.9 Crossbows
 + Level 4.9 Throwing
 + Level 13.7 Armour
 + Level 13.9 Shields
 * Level 9.2 Evocations


You had 16 spell levels left.
You didn't know any spells.
Your spell library contained the following spells:

 Spells                   Type           Power        Failure   Level  Hunger
 Animate Skeleton         Necr           N/A          98%         1    ##.....
 Apportation              Tloc           #.....       98%         1    ##.....
 Beastly Appendage        Tmut           #.....       98%         1    ##.....
 Confusing Touch          Hex            #.....       98%         1    ##.....
 Corona                   Hex            #......      98%         1    ##.....
 Freeze                   Ice            #...         98%         1    ##.....
 Pain                     Necr           #...         98%         1    ##.....
 Shock                    Conj/Air       #...         98%         1    ##.....
 Summon Small Mammal      Summ           #...         98%         1    ##.....
 Blink                    Tloc           N/A          99%         2    ###....
 Ensorcelled Hibernation  Hex/Ice        #.....       99%         2    ###....
 Shroud of Golubria       Chrm/Tloc      #.........   99%         2    ###....
 Sticks to Snakes         Tmut           #.......     99%         2    ###....
 Swiftness                Chrm/Air       #.......     99%         2    ###....
 Throw Frost              Conj/Ice       #.....       99%         2    ###....
 Confuse                  Hex            #.......     100%        3    ####...
 Dazzling Spray           Conj/Hex       #.....       100%        3    ####...
 Gell's Gravitas          Tloc           #.........   100%        3    ####...
 Lesser Beckoning         Tloc           #.........   100%        3    ####...
 Ozocubu's Armour         Chrm/Ice       #.......     100%        3    ####...
 Regeneration             Chrm/Necr      #.........   100%        3    ####...
 Spider Form              Tmut/Pois      #.........   100%        3    ####...
 Static Discharge         Conj/Air       #.......     100%        3    ####...
 Teleport Other           Tloc           #.......     100%        3    ####...
 Tukima's Dance           Hex            #.......     100%        3    ####...
 Vampiric Draining        Necr           #.........   100%        3    ####...
 Airstrike                Air            #.........   100%        4    #####..
 Animate Dead             Necr           N/A          100%        4    #####..
 Ice Form                 Ice/Tmut       #.......     100%        4    #####..
 Passage of Golubria      Tloc           N/A          100%        4    #####..
 Summon Ice Beast         Ice/Summ       #.......     100%        4    #####..
 Throw Icicle             Conj/Ice       #.......     100%        4    #####..
 Blade Hands              Tmut           #.........   100%        5    ######.
 Bolt of Magma            Conj/Fire/Erth #.........   100%        5    ######.
 Irradiate                Conj/Tmut      #.........   100%        5    ######.
 Iskenderun's Battlesphe  Conj/Chrm      #.......     100%        5    ######.
 Lightning Bolt           Conj/Air       #.........   100%        5    ######.
 Venom Bolt               Conj/Pois      #.........   100%        5    ######.
 Hydra Form               Tmut           #.........   100%        6    #######
 Iron Shot                Conj/Erth      #.........   100%        6    #######
 Statue Form              Tmut/Erth      #........    100%        6    #######
 Dragon Form              Tmut           #.........   100%        7    #######
 Orb of Destruction       Conj           #.........   100%        7    #######
 Spellforged Servitor     Conj/Summ      #.........   100%        7    #######


Dungeon Overview and Level Annotations

Branches:
Dungeon (15/15)            Temple (1/1) D:5            Lair (6/6) D:10
  Swamp (4/4) Lair:4       Spider (0/4) Lair:3        Slime (0/5) Lair:5
    Orc (2/2) D:9             Elf (0/3) Orc:2        Vaults (0/5) D:13
 Depths (0/5) D:15

Altars:
Ashenzari
Cheibriados
Dithmenos
Elyvilon
Fedhas
Gozag
Hepliaklqana
Kikubaaqudgha
Makhleb
Nemelex Xobeh
Okawaru
Qazlal
Ru
Sif Muna
Trog
Uskayaw
Vehumet
Wu Jian
Xom
Yredelemnul
Zin
The Shining One
Beogh

Shops:
D:6 [   D:7 ?   D:14 *   Orc:2 (%:%(

Portals:
Trove: D:12 (give horn of Geryon)

Annotations:
D:10 3 runed translucent doors, P0WERM0DE's ghost, novice DDFi; PeterQ's ghost, novice GnMo; Singularity42's ghost, journeyman GnWn; aduken's ghost, journeyman VSWn
D:14 Freezing
D:15 fial
Lair:1 2 transporters, SnubMonkey's ghost, journeyman TrWz
Lair:4 exclusion: 2 oklob plants
Lair:5 exclusion: oklob plant
Swamp:3 steam


Message History

You feel extremely sick.
You block the vampire mosquito's attack.
The swamp dragon breathes poison at you.
The blast of poison engulfs the vampire mosquito.
The vampire mosquito completely resists.
You block the vampire mosquito's attack.
You hear a roar! x2; You hear a deafening roar!
Okay, then.
Your skin crawls.
You feel resistant to hostile enchantments.
You feel quite a bit more hungry.
You are engulfed in poison gas.
You are more poisoned.
You are starting to lose your buoyancy.
* * * LOW HITPOINT WARNING * * *
You feel extremely sick.
The vampire mosquito bites you but does no damage. x3
You are engulfed in poison gas.
You are more poisoned.
* * * LOW HITPOINT WARNING * * *
You die...

*♣♣♣♣♣ ♣♣♣♣♣♣♣♣♣ ♣♣§.≈.♣♣
♣♣≈≈≈≈≈.!♣ ♣♣♣≈.≈≈≈.♣ ♣.≈§≈..≈§♣
♣...≈≈≈≈.♣ ♣.≈§≈.≈≈.♣
♣♣.≈@♣○..♣♣♣♣♣
♣.≈≈≈.≈♣♣♣♣*♣≈≈≈≈°♣♣♣♣♣≈≈♣♣
♣♣≈≈≈.♣♣**≈≈♣.≈≈≈○y..D...≈♣♣♣
♣♣..♣♣ *,≈.≈≈≈≈≈°D○°D≈§†§≈.♣♣♣♣♣
♣♣♣≈≈♣♣♣♣.≈≈.≈≈≈≈○§≈≈≈°≈≈.°≈≈♣...
♣≈.≈≈..≈♣♣♣♣♣≈≈≈≈.≈≈≈≈≈≈≈°°°..≈≈≈
♣.≈≈≈≈≈..≈♣ ♣♣♣≈§.≈≈≈≈≈≈..○○≈≈?≈≈
.§≈≈≈≈≈..≈♣ ♣♣♣.≈≈≈≈≈..≈○w≈≈...
≈≈≈§≈≈≈§.≈♣♣♣♣♣♣..≈≈≈≈≈≈♣≈..≈..?♣


You could see a six-headed hydra, a swamp dragon and a vampire mosquito.

Vanquished Creatures
  Rupert (Lair:5)
  A thorn hunter (Swamp:3)
  A frost giant (D:14)
  A very ugly thing (Swamp:3)
  An ettin (Orc:2)
  Josephine (Orc:2)
  Erolcha (Orc:2)
  8 vault guards (D:13)
  15 hydras
  A catoblepas (Lair:6)
  Erica (Lair:1)
  20 alligators
  3 ghost crabs
  2 shambling mangroves
  3 centaur warriors
  11 two-headed ogres
  2 ogre magi (Orc:2)
  3 tengu warriors (D:15)
  2 wizards (D:15)
  2 unseen horrors
  3 swamp dragons
  A spriggan druid (Swamp:2)
  3 deep trolls
  Pikel (D:5)
  5 deep elf magi (D:15)
  A necromancer (D:15)
  A wolf spider zombie (D:15)
  5 cyclopes
  2 orc sorcerers (Orc:2)
  18 ugly things
  10 elephants
  11 slime creatures
  A manticore (D:13)
  2 black mambas (Lair:6)
  A centaur zombie (D:15)
  3 gargoyles
  29 spiny frogs
  A kobold demonologist (D:14)
  10 komodo dragons
  3 rime drakes
  A tengu conjurer (D:15)
  A meliai (shapeshifter) (D:15)
  A guardian mummy (D:12)
  5 polar bears
  13 trolls
  11 tyrant leeches
  A queen bee (D:8)
  19 hornets
  Grinder (D:5)
  The ghost of Chiseanne the Sneak, an amateur OpMo (D:4)
  A meliai zombie (D:14)
  2 harpy skeletons (D:15)
  5 bog bodies
  13 hippogriffs
  22 blink frogs
  22 spriggans
  5 shadows
  A water elemental (D:13)
  3 wyverns
  6 wraiths
  38 yaks
  A human (shapeshifter) (D:9)
  3 basilisks
  2 steam dragons (D:6)
  3 hungry ghosts
  7 wargs
  12 vampire mosquitoes
  11 swamp worms
  A soldier ant (D:15)
  An insubstantial wisp (Swamp:4)
  2 acid dragons
  15 water moccasins
  A floating eye (shapeshifter) (D:14)
  8 porcupines
  2 ice beasts
  6 swamp drakes
  15 orc warriors
  A phantom (D:7)
  6 sky beasts
  4 slaves (D:5)
  4 black bears
  A necrophage (D:9)
  7 boggarts
  33 wolves
  7 centaurs
  30 ogres
  16 crocodiles
  4 big kobolds
  18 bullfrogs
  6 scorpions
  A hornet simulacrum (D:15)
  30 killer bees
  A water moccasin skeleton (D:9)
  8 wights
  3 electric eels
  6 howler monkeys
  11 crimson imps
  2 bullfrog zombies (D:11)
  3 centaur skeletons
  A gnoll shaman (D:7)
  5 hounds
  16 orc priests
  Crazy Yiuf (D:5)
  3 jellies
  24 orc wizards
  3 bullfrog skeletons
  10 worker ants
  3 iguanas
  A hound zombie (D:5)
  2 hound skeletons
  A worker ant zombie (D:11)
  13 adders
  4 gnolls (D:7)
  A shadow imp (D:15)
  6 oozes
  An adder skeleton (D:6)
  5 worms
  4 dart slugs
  6 leopard geckos
  83 orcs
  2 ball pythons (D:3)
  8 bats
  6 giant cockroaches
  11 goblins
  12 hobgoblins
  7 jackals
  7 quokkas
  4 frilled lizards
  A jackal skeleton (D:9)
  23 kobolds
  A quokka zombie (D:7)
  6 rats
  A fungus (Lair:5)
  A plant (Lair:5)
938 creatures vanquished.

Vanquished Creatures (collateral kills)
  The ghost of Kilet the Geomancer, an adept GrEE of Vehumet (D:14)
  A stone giant (D:9)
  2 alligators (Lair:4)
  A gargoyle (D:12)
  A tyrant leech (Lair:4)
  6 yaks (D:12)
  A swamp worm (Lair:4)
  A bullfrog (D:12)
14 creatures vanquished.

Vanquished Creatures (others)
  A spriggan (Swamp:3)
  A boggart (D:14)
  An orc (D:15)
  4 fungi
  4 plants
  14 toadstools (Lair:5)
25 creatures vanquished.

Grand Total: 977 creatures vanquished

Notes
Turn   | Place    | Note
-------+----------+-------------------------------------------
     0 | D:1      | LabCoat the Hill Orc Fighter began the quest for the Orb.
     0 | D:1      | Reached XP level 1. HP: 19/19 MP: 1/1
    98 | D:1      | Reached XP level 2. HP: 27/27 MP: 2/2
   229 | D:1      | Reached skill level 3 in Axes
   526 | D:1      | Reached XP level 3. HP: 32/33 MP: 3/3
  1118 | D:2      | Reached skill level 4 in Axes
  1267 | D:2      | Reached XP level 4. HP: 16/40 MP: 4/4
  1750 | D:3      | Found a shattered altar of Ashenzari.
  2131 | D:3      | Reached skill level 5 in Axes
  2401 | D:3      | Reached XP level 5. HP: 45/46 MP: 5/5
  2956 | D:4      | Noticed a crocodile
  3383 | D:3      | Killed a crocodile
  3383 | D:3      | Reached skill level 6 in Axes
  3383 | D:3      | Reached XP level 6. HP: 35/53 MP: 6/6
  3501 | D:4      | Found a shadowy altar of Dithmenos.
  3671 | D:4      | Found a runed translucent gate.
  3671 | D:4      | Found a runed translucent gate.
  3673 | D:4      | Found a runed translucent gate.
  3675 | D:4      | Noticed Chiseanne's ghost (amateur OpMo)
  3737 | D:4      | Reached skill level 7 in Axes
  3856 | D:4      | Reached XP level 7. HP: 52/60 MP: 7/7
  4234 | D:4      | Found a roughly hewn altar of Beogh.
  4272 | D:5      | Entered Level 5 of the Dungeon
  4272 | D:5      | Noticed Grinder
  4278 | D:5      | Killed Grinder
  4278 | D:5      | Reached skill level 8 in Axes
  4351 | D:4      | Reached skill level 5 in Fighting
  4360 | D:4      | Reached skill level 5 in Shields
  4387 | D:4      | Killed Chiseanne's ghost
  4387 | D:4      | Reached skill level 9 in Axes
  4387 | D:4      | Reached XP level 8. HP: 39/68 MP: 8/8
  4750 | D:5      | Reached skill level 5 in Armour
  4816 | D:5      | Found a staircase to the Ecumenical Temple.
  4821 | Temple   | Entered the Ecumenical Temple
  4857 | Temple   | Became a worshipper of Trog the Wrathful
  5083 | D:5      | Noticed Pikel
  5110 | D:5      | Killed Pikel
  5110 | D:5      | Reached skill level 10 in Axes
  5228 | D:5      | Reached skill level 11 in Axes
  5267 | D:5      | Reached XP level 9. HP: 71/75 MP: 9/9
  5601 | D:5      | Found a runed translucent door.
  5602 | D:5      | Noticed Crazy Yiuf
  5772 | D:5      | Killed Crazy Yiuf
  5842 | D:6      | Found a glowing drain.
  5877 | Sewer    | Entered a sewer
  6084 | D:6      | Reached * piety under Trog
  6102 | D:6      | Reached skill level 12 in Axes
  6406 | D:6      | Found Uraod's Antique Armour Shoppe.
  6419 | D:6      | Bought a runed scarf for 176 gold pieces
  6419 | D:6      | Bought a pair of boots for 99 gold pieces
  7250 | D:6      | Reached skill level 13 in Axes
  7266 | D:6      | Found a hide-covered altar of Uskayaw.
  7276 | D:6      | Reached ** piety under Trog
  7750 | D:7      | Reached XP level 10. HP: 84/84 MP: 10/10
  7764 | D:7      | Found Etsimouz's Magic Scroll Emporium.
  7934 | D:7      | Reached skill level 14 in Axes
  7977 | D:7      | Found a blossoming altar of Fedhas.
  8048 | D:7      | Reached *** piety under Trog
  8108 | D:7      | Found an iron altar of Okawaru.
  9602 | D:8      | Reached **** piety under Trog
 10040 | D:8      | Reached skill level 15 in Axes
 11128 | D:9      | Noticed a deep troll
 11136 | D:9      | Killed a deep troll
 11136 | D:9      | Reached XP level 11. HP: 94/94 MP: 11/11
 11140 | D:9      | Noticed a white ugly thing
 11152 | D:9      | Killed a white ugly thing
 11332 | D:9      | Reached ***** piety under Trog
 11429 | D:9      | Reached skill level 1 in Throwing
 11498 | D:9      | Noticed a two-headed ogre
 11512 | D:9      | Killed a two-headed ogre
 11514 | D:9      | Reached skill level 16 in Axes
 11690 | D:9      | Noticed a centaur warrior
 11698 | D:9      | Killed an unseen horror
 11713 | D:9      | Killed a centaur warrior
 11959 | D:9      | Found a staircase to the Orcish Mines.
 12029 | D:9      | Noticed a two-headed ogre
 12038 | D:9      | Killed a two-headed ogre
 12749 | D:9      | Noticed a stone giant
 12758 | D:9      | Killed a stone giant
 12781 | D:10     | Entered Level 10 of the Dungeon
 12884 | D:10     | Reached skill level 1 in Maces & Flails
 13089 | D:10     | Found a staircase to the Lair.
 13380 | D:10     | Found a runed translucent gate.
 13380 | D:10     | Found a runed translucent gate.
 13380 | D:10     | Found a runed translucent gate.
 13380 | D:10     | Noticed Singularity42's ghost (journeyman GnWn)
 13381 | D:10     | Noticed aduken's ghost (journeyman VSWn)
 13381 | D:10     | Noticed PeterQ's ghost (novice GnMo)
 13381 | D:10     | Noticed P0WERM0DE's ghost (novice DDFi)
 13454 | D:10     | Reached XP level 12. HP: 75/104 MP: 12/12
 13690 | Lair:1   | Entered Level 1 of the Lair of Beasts
 13809 | Lair:1   | Noticed SnubMonkey's ghost (journeyman TrWz)
 13815 | Lair:1   | Found a transporter.
 13817 | Lair:1   | Found a transporter.
 13850 | Lair:1   | Noticed Erica
 13867 | Lair:1   | Killed Erica
 14200 | Lair:1   | Reached skill level 17 in Axes
 14959 | Lair:2   | Reached skill level 10 in Fighting
 15043 | Lair:2   | Reached skill level 10 in Armour
 15076 | Lair:2   | You fall through a shaft for 2 floors!
 15115 | Lair:3   | Reached skill level 5 in Maces & Flails
 15260 | Lair:2   | Reached XP level 13. HP: 91/114 MP: 13/13
 15470 | Lair:2   | Reached skill level 10 in Shields
 16079 | Lair:3   | Found a hole to the Spider Nest.
 16679 | D:6      | Bought a shiny plate armour for 572 gold pieces
 17005 | Lair:4   | Reached skill level 1 in Evocations
 17054 | Lair:4   | Received a gift from Trog
 17664 | Lair:4   | Found a staircase to the Swamp.
 18133 | Lair:5   | Noticed Rupert
 18181 | Lair:5   | Killed Rupert
 18434 | Lair:5   | Found a staircase to the Slime Pits.
 18848 | Lair:5   | Found a blossoming altar of Fedhas.
 19156 | Lair:6   | Entered Level 6 of the Lair of Beasts
 19182 | Lair:6   | Reached XP level 14. HP: 113/125 MP: 16/16
 19615 | Lair:6   | Paralysed by a hornet for 1 turns
 20180 | Lair:6   | Reached ****** piety under Trog
 20342 | Lair:6   | Received a gift from Trog
 20941 | D:11     | Received a gift from Trog
 21652 | D:12     | Reached skill level 5 in Evocations
 21875 | D:12     | Found a portal to a secret trove of treasure.
 22227 | D:12     | Reached skill level 10 in Maces & Flails
 23078 | D:13     | Reached XP level 15. HP: 134/134 MP: 19/19
 23081 | D:13     | Found a gate to the Vaults.
 24395 | D:14     | Received a gift from Trog
 24823 | D:14     | Noticed Kilet's ghost (adept GrEE)
 24824 | D:14     | Found a runed translucent gate.
 24824 | D:14     | Found a runed translucent gate.
 24824 | D:14     | Found a runed translucent gate.
 24824 | D:14     | Noticed a frost giant
 25032 | D:14     | Found Kixti's Assorted Antiques.
 25136 | D:14     | Killed a frost giant
 25573 | D:14     | Paralysed by a floating eye for 4 turns
 25625 | D:14     | Killed Kilet's ghost
 25921 | D:15     | Entered Level 15 of the Dungeon
 27110 | D:15     | Received a gift from Trog
 27396 | D:15     | Reached XP level 16. HP: 144/144 MP: 18/21
 27409 | D:15     | Found a staircase to the Depths.
 28108 | Orc:1    | Entered Level 1 of the Orcish Mines
 28166 | Orc:1    | Found a roughly hewn altar of Beogh.
 28535 | Orc:2    | Entered Level 2 of the Orcish Mines
 28588 | Orc:2    | Found Zidghit's Antique Weapon Shoppe.
 28642 | Orc:2    | Noticed Josephine
 28664 | Orc:2    | Killed Josephine
 28669 | Orc:2    | Received a gift from Trog
 29093 | Orc:2    | Received a gift from Trog
 29293 | Orc:2    | Found Diudek's Food Shoppe.
 29791 | Orc:2    | Found Igobul's Food Emporium.
 29826 | Orc:2    | Found Jepsuwet's Book Shop.
 29829 | Orc:2    | Found Xixuol's Weapon Emporium.
 29860 | Orc:2    | Bought a book of Necromancy for 420 gold pieces
 29860 | Orc:2    | Bought a book of Air for 490 gold pieces
 29955 | Orc:2    | Found a staircase to the Elven Halls.
 30112 | Orc:2    | Noticed Erolcha
 30121 | Orc:2    | Killed Erolcha
 30685 | Swamp:1  | Entered Level 1 of the Swamp
 31024 | Lair:4   | Received a gift from Trog
 31350 | Lair:4   | Got a warped war axe {god gift}
 31351 | Lair:4   | Identified the +6 war axe of the Dragonfly {venom, Str-4
                  | Dex+4} (Trog gifted it to you on level 4 of the Lair of
                  | Beasts)
 31581 | Swamp:1  | Found a white marble altar of Elyvilon.
 32149 | Swamp:1  | Reached skill level 1 in Crossbows
 33330 | Swamp:2  | Reached XP level 17. HP: 152/152 MP: 23/23
 34006 | Swamp:2  | Received a gift from Trog
 34931 | Swamp:3  | Reached skill level 18 in Axes
 35394 | Swamp:4  | Entered Level 4 of the Swamp
 35736 | Swamp:4  | HP: 2/154 [poisoned by a swamp dragon (poison gas)]
 35737 | Swamp:4  | Succumbed to something's poison gas

Skill      XL: |  1  2  3  4  5  6  7  8  9 10 11 12 13 14 15 16 17 |
---------------+----------------------------------------------------+-----
Axes           | 3 4 5 6 7 9 11 13 15 16 17 18 | 18.1
Fighting       | 4 5 6 7 9 10 11 12 13 14 | 14.5
Shields        | 4 5 6 7 8 9 10 11 12 13 | 13.9
Armour         | 4 5 6 7 9 10 11 12 13 | 13.7
Throwing       | 2 3 4 |  4.9
Maces & Flails | 2 5 7 10 13 14 | 14.5
Evocations     | 3 5 7 8 9 |  9.2
Crossbows      | 2 3 |  3.9

Action                   |  1- 3 |  4- 6 |  7- 9 | 10-12 | 13-15 | 16-18 || total
-------------------------+-------+-------+-------+-------+-------+-------++-------
Melee: War axe           |   123 |   274 |   358 |   875 |   719 |   498 ||  2847
       Morningstar       |       |       |       |       |  1163 |   342 ||  1505
       Flail             |       |       |       |       |       |   182 ||   182
Throw: Tomahawk          |       |       |    44 |    82 |     4 |    38 ||   168
       Javelin           |       |       |       |       |   102 |     6 ||   108
Invok: Berserk           |       |       |     3 |    14 |    26 |    13 ||    56
       Brothers in Arms  |       |       |       |     1 |     3 |     2 ||     6
       Trog's Hand       |       |       |       |       |     3 |     5 ||     8
 Abil: Evoke Berserk Rag |       |       |     1 |       |       |       ||     1
       Evoke Flight      |       |       |       |       |       |    18 ||    18
Evoke: Wand              |       |       |       |     2 |     2 |       ||     4
  Use: Scroll            |     4 |     9 |     2 |     5 |    19 |    12 ||    51
       Potion            |     2 |     1 |     4 |    10 |     9 |     8 ||    34
  Eat: Chunk             |     1 |     8 |     8 |    17 |    32 |    15 ||    81
       Ration            |       |     1 |     2 |     6 |    11 |     9 ||    29
Armor: Scale mail        |    12 |       |       |       |       |       ||    12
       Plate armour      |    86 |   182 |   164 |   344 |  1164 |   561 ||  2501
Dodge: Dodged            |    24 |    37 |    39 |   137 |   394 |   234 ||   865
Block: Shield            |    71 |   151 |   175 |   412 |  1115 |   676 ||  2600
